[Event "44th Chess Olympiad Women 2022"]
[Site "Chennai"]
[Date "2022.08.06"]
[Round "8.43"]
[White "Mongeli, Sasha"]
[Black "Dubois, Martine"]
[Result "1-0"]
[WhiteElo "1672"]
[BlackElo "1782"]
[Annotator "NA RC"]
[PlyCount "111"]
[EventDate "2022.??.??"]
[TimeControl "60"]

1. Nf3 d5 2. e3 g6 3. c4 Nf6 4. b3 Bg7 5. Bb2 c6 6. Be2 O-O 7. O-O Nbd7 8.
d3 Re8 9. cxd5 cxd5 10. d4 Ne4 11. Nbd2 Ndf6 12. Rc1 Bf5 13.
Nh4 Bd7 14. Nhf3 Qa5 15. a3 Rec8 16. b4 Qd8 17. Nxe4 Nxe4 18. Qb3 Bg4 19. Rfd1 e6 20. b5 Ng5 21. a4 Bf8 22. Qd3 Bf5 23.
Qd2 Ne4 24. Qe1 Bd6 25. h3 h5 26. Rxc8 Rxc8 27. Rc1 Rxc1 28. Qxc1 Bb4 29. Ba3 Nc3 30. Bf1 Qa5 31. Bxb4 Qxb4 32. Ne5 Qb3 33. a5 Bc2 34. Nd7 Na2 35. Qe1 Bd3 36. Nc5 Qxb5 37. Bxd3 Qc6 38. Qd2 b6 39. Qxa2 bxc5 40. dxc5 Qxc5 41. Qa4 Qc1+ 42. Bf1 Qc7 43. Qb5 Kg7 44. Qa6 e5 45. Qb5 d4 46. exd4 exd4 47. Bc4 d3 48. Bxd3 Kh6 49. Bc4 Qf4 50. Qc5 Qc1+ 51. Kh2 f5 52. Qf8+ Kh7 53. Bg8+ Kh8 54. Bf7+ Kh7 55. Qg8+ Kh6 56. Qxg6# 1-0

[Event "44th Chess Olympiad Women 2022"]
[Site "Chennai"]
[Date "2022.08.06"]
[Round "8.44"]
[White "De la Riva Real, Ariadna"]
[Black "Chaves, Jussara"]
[Result "0-1"]
[WhiteElo "1649"]
[BlackElo "1933"]
[Annotator "NA RC"]
[PlyCount "84"]
[EventDate "2022.??.??"]
[TimeControl "60"]

1. e4 d5 2. exd5 Qxd5 3. Nf3 Bg4 4. Be2 Nc6 5. d4 O-O-O 6.
c4 Qf5 7. Be3 e5 8. d5 Nb4 9. O-O e4 10. Nd4 Bxe2 11. Nxe2 Bd6 12. Ng3 Bxg3 13. fxg3 Qd7 14. Nc3 f5 15. Nb5 a6 16. Nd4 Ne7 17. Ne6 Nbxd5 18. cxd5 Nxd5 19. Nc5 Qb5 20. Bd4 Ne3 21. a4 Qxf1+ 22. Qxf1 Nxf1 23. Bxg7 Nd2 24. Bxh8 Rxh8 25. Kf2 Re8 26. b4 Nc4 27. b5 Re5 28.
Nb3 axb5 29. Nd4 bxa4 30. Rxa4 Nb6 31. Ra3 c5 32. Nb5 Rd5 33. Ra2 c4 34. Nc3 Rd3 35. Ne2 c3 36. Nf4 Rd2+ 37. Rxd2 cxd2 38. Ke2 e3 39. Nd3 Nc4 40. h3 h5 41. Kd1 b5 42. Ke2 b4 0-1

[Event "44th Chess Olympiad Women 2022"]
[Site "Chennai"]
[Date "2022.08.06"]
[Round "8.44"]
[White "Galera Serra, Maria"]
[Black "Silva, Ana Ines Teixeira D"]
[Result "0-1"]
[WhiteElo "1464"]
[BlackElo "1775"]
[Annotator "NA RC"]
[PlyCount "54"]
[EventDate "2022.??.??"]
[TimeControl "60"]

1. e4 e5 2. Nf3 Nc6 3. Bc4 Nf6 4. d3 Bc5 5. Be3 Bxe3 6. fxe3 d6 7. h3 Na5 8. Nbd2 Nxc4 9. Nxc4 Be6 10. Ncd2 h6 11. d4 O-O 12. Qe2 exd4 13.
exd4 d5 14. O-O-O c5 15. g4 Nxe4 16. Nxe4 dxe4 17. Qxe4 Bd5 18. Qf4 Qa5 19. a3 c4 20. Rhf1 c3 21. Qd6 cxb2+ 22. Kxb2 Rac8 23. Qb4 Qc7 24. Rc1 a5 25. Qd2 Qc4 26. Ra1 Qb5+ 27. Kc1 Qxf1+ 0-1

[Event "44th Chess Olympiad Women 2022"]
[Site "Chennai"]
[Date "2022.08.06"]
[Round "8.44"]
[White "Pipiras, Filipa Fortuna"]
[Black "Henderson de La Fuente, Andrea"]
[Result "1/2-1/2"]
[WhiteElo "2139"]
[BlackElo "1962"]
[Annotator "NA RC"]
[PlyCount "106"]
[EventDate "2022.??.??"]
[TimeControl "60"]

1. d4 Nf6 2. c4 e6 3. Nc3 Bb4 4. Qc2 O-O 5. a3 Bxc3+ 6. Qxc3 b6 7. Bg5 Bb7 8. f3 h6 9. Bh4 d5 10. cxd5 exd5 11. e3 Nbd7 12. Bd3 Re8 13. Ne2 Rc8 14. Bf5 c5 15. Bxf6 gxf6 16. Kf2 cxd4 17. Qxd4 Rc4 18. Qd2 Nc5 19. Nd4 Re5 20. Bb1 Ba6 21. Re1 Qe8 22. h4 h5 23. Ra2 Qa4 24. b3 Nxb3 25. Nxb3 Qxb3 26. Bd3 d4 27. e4 Ra4 28. Bxa6 Rxa6 29. Rc1 Rc5 30. Rxc5 bxc5 31. Rb2 Qe3+ 32. Qxe3 dxe3+ 33. Kxe3 Rxa3+ 34. Kd2 Kg7 35. Rb5 Ra2+ 36.
Kd3 Rxg2 37. Rxc5 Ra2 38. Rxh5 a5 39. Ke3 a4 40. Ra5 a3 41.
Kf4 Ra1 42. Kf5 a2 43. h5 Rf1 44. Rxa2 Rxf3+ 45. Kg4 Rf1 46. Ra5 Rg1+ 47. Kf4 Kh6 48. Rf5 Rf1+ 49. Kg4 Rxf5 50. Kxf5 Kxh5 51. Kxf6 Kg4 52. Kxf7 Kf4 53. Kf6 Kxe4 1/2-1/2

[Event "44th Chess Olympiad Women 2022"]
[Site "Chennai"]
[Date "2022.08.06"]
[Round "8.45"]
[White "Burbach, Anya Belle"]
[Black "Rodriguez Arrieta, Maria Elena"]
[Result "0-1"]
[WhiteElo "1375"]
[BlackElo "1849"]
[Annotator "NA RC"]
[PlyCount "42"]
[EventDate "2022.??.??"]
[TimeControl "60"]

1. e4 e5 2. Nc3 Nf6 3. Bc4 Bc5 4. d3 d6 5. h3 O-O 6. f4 c6 7. fxe5 dxe5 8. Nf3 Nbd7 9. Qe2 Nh5 10. Rh2 Ng3 11. Qd1 b5 12. Bb3 Qb6 13. d4 exd4 14. Ne2 Nxe4 15. Qd3 Ndf6 16. g4 Re8 17. a3 Bd6 18. Rg2 c5 19. Ba2 Bb7 20. b3 Nc3 21. Kf2 Rxe2+ 0-1

[Event "44th Chess Olympiad Women 2022"]
[Site "Chennai"]
[Date "2022.08.06"]
[Round "8.45"]
[White "Chuemsakul, Sarocha"]
[Black "Hernandez Alvarez, Tania Regla"]
[Result "0-1"]
[WhiteElo "1684"]
[BlackElo "2058"]
[Annotator "NA RC"]
[PlyCount "124"]
[EventDate "2022.??.??"]
[TimeControl "60"]

1. Nf3 Nf6 2. g3 e6 3. Bg2 d5 4. O-O Be7 5. c4 d4 6. d3 O-O 7. a3 a5 8. Bg5 c5 9. Nbd2 Nc6 10. Qc2 e5 11. e3 h6 12. Bxf6 Bxf6 13.
Rab1 a4 14. exd4 cxd4 15. Rfe1 Qc7 16. b4 axb3 17. Rxb3 Be7 18. Qb2 Ra7 19. Rb1 f5 20. h3 Bc5 21. Ne1 Na5 22. Rb4 Qe7 23.
Nc2 Bxb4 24. axb4 Nc6 25. b5 Nb8 26. Re1 Qd6 27. Nb4 Nd7 28.
Nf3 Kh7 29. Nd5 Ra3 30. Qe2 Rb3 31. Bf1 e4 32. dxe4 d3 33.
Qd1 fxe4 34. Nd2 Rb2 35. Nxe4 Qb8 36. Qxd3 Kh8 37. Qa3 Qe5 38. Bd3 Rbxf2 39. Qc3 Qxc3 40. Ndxc3 Rb2 41. Be2 Ne5 42. Kg2 Nxc4 43. g4 Ne3+ 44. Kg3 Rd8 45. Ra1 Be6 46. Ra4 b6 47. h4 Rc2 48. h5 Rc8 49. Ra3 Nd5 50. Nxd5 Bxd5 51. Re3 Re8 52. Bd3 Rc3 53. Kf4 Rb3 54. Nd2 Rb4+ 55. Be4 Bxe4 56. Nxe4 Rxb5 57. Rc3 Rb4 58. Re3 Kg8 59. Kf3 Rbxe4 60. Rxe4 Rxe4 61. Kxe4 Kf7 62. Ke5 b5 0-1

[Event "44th Chess Olympiad Women 2022"]
[Site "Chennai"]
[Date "2022.08.06"]
[Round "8.45"]
[White "Diaz Charpentier, Kristel Meliss"]
[Black "Prommuang, Araya"]
[Result "1-0"]
[WhiteElo "1989"]
[BlackElo "1651"]
[Annotator "NA RC"]
[PlyCount "85"]
[EventDate "2022.??.??"]
[TimeControl "60"]

1. Nf3 Nf6 2. c4 e6 3. g3 d5 4. Bg2 Be7 5. O-O O-O 6. b3 d4 7. e3 c5 8. exd4 cxd4 9. d3 Nc6 10. Re1 Nd7 11. Na3 e5 12. Nc2 f5 13. b4 Bf6 14. b5 Ne7 15. Rb1 Qc7 16. Ba3 Nc5 17. Bxc5 Qxc5 18. Nd2 Rb8 19. Nb4 Be6 20. Qa4 Nc8 21. Nb3 Qe7 22. c5 Qf7 23. Nxd4 Ne7 24. Nxe6 Qxe6 25. Qxa7 Qc8 26. Rec1 Bg5 27. Rc2 f4 28. Nd5 f3 29. Nxe7+ Bxe7 30. Bf1 Ra8 31. Qb6 Rf6 32. c6 Rb8 33. Qa7 Bf8 34. Rbc1 bxc6 35. Rxc6 Rxc6 36. Rxc6 Qe8 37. Qa4 Be7 38.
Qc4+ Kh8 39. a4 Qd8 40. b6 Bf8 41. a5 Rb7 42. Rc8 Qe7 43.
Rc7 1-0

[Event "44th Chess Olympiad Women 2022"]
[Site "Chennai"]
[Date "2022.08.06"]
[Round "8.45"]
[White "Mayorga Araya, Sofia"]
[Black "Buhagiar, Melita Sunan"]
[Result "0-1"]
[WhiteElo "1758"]
[BlackElo "1431"]
[Annotator "NA RC"]
[PlyCount "122"]
[EventDate "2022.??.??"]
[TimeControl "60"]

1. e4 c5 2. Nf3 d6 3. c3 Nf6 4. Be2 Nc6 5. d4 cxd4 6. cxd4 g6 7. Nc3 Bg7 8. O-O O-O 9. h3 a6 10. Bf4 b5 11. a3 Bb7 12. Qc2 Nd7 13. Rad1 Rc8 14. Qb1 Na5 15. e5 dxe5 16. dxe5 e6 17. Ne4 Bxe4 18. Qxe4 Qc7 19. Rc1 Qb8 20. b4 Nb7 21. Qd4 Rfd8 22. Rxc8 Qxc8 23. Qa7 Qa8 24. Qe3 Qb8 25. Rc1 Rc8 26. Bd3 Rxc1+ 27. Qxc1 Nd8 28. Qe3 Nc6 29. Be4 Ncxe5 30. Nxe5 Bxe5 31. Bxe5 Nxe5 32. Qc5 Nc4 33. a4 Qd6 34. axb5 axb5 35. Qxb5 Qd1+ 36. Kh2 Qd6+ 37. g3 Qd4 38. Bg2 Ne5 39. Qc5 Qb2 40. b5 Nd3 41. Qc6 Ne5 42. Qa6 Qxf2 43. Qb7 Kg7 44. b6 Nc4 45. Qc7 Nxb6 46. Qc3+ Qf6 47. Qb4 Nd5 48. Bxd5 exd5 49. Qc5 Qe5 50. h4 Qe4 51. Kg1 d4 52. h5 Kf6 53. Qd6+ Kg5 54. hxg6 hxg6 55. Qd8+ f6 56. Qa5+ Qe5 57. Qb4 Qxg3+ 58. Kh1 Qe3 59. Qa5+ Kg4 60. Qa6 Kg3 61. Qd6+ Qf4 0-1

[Event "44th Chess Olympiad Women 2022"]
[Site "Chennai"]
[Date "2022.08.06"]
[Round "8.46"]
[White "Hughes, Rhian"]
[Black "Cadeau, Merisena"]
[Result "1-0"]
[WhiteElo "1843"]
[BlackElo "1439"]
[Annotator "NA RC"]
[PlyCount "107"]
[EventDate "2022.??.??"]
[TimeControl "60"]

1. c4 e5 2. Nc3 Nf6 3. g3 d5 4. cxd5 Nxd5 5. Bg2 Be6 6. Nf3 Nc6 7. O-O Bc5 8. d3 O-O 9. Bd2 h6 10. Rc1 Bb6 11. Na4 Qd7 12. Nc5 Bxc5 13.
Rxc5 f5 14. a3 e4 15. Ne1 Nf6 16. Be3 b6 17. Rc1 Rac8 18. Qa4 Bd5 19. dxe4 fxe4 20. Nc2 Qe7 21. Nd4 Ne5 22. Bh3 Nfg4 23. Bf4 g5 24. Bxe5 Qxe5 25. Bxg4 Ra8 26. b4 Qxd4 27. Qd7 Qe5 28. Rxc7 Rf7 29. Rc8+ Rxc8 30. Qxc8+ Kg7 31. Qc2 Rc7 32. Qd2 Rc3 33. Rd1 Bc6 34. Rc1 Rxc1+ 35. Qxc1 Qd5 36. f3 exf3 37. Bxf3 Qd4+ 38. e3 Qe5 39. Bxc6 Qc7 40. b5 Qe7 41. Qc3+ Kg6 42. Qd3+ Kg7 43. Qd7 Qxd7 44. Bxd7 Kf6 45. Bc6 Ke5 46. Kf2 Ke6 47. e4 Ke5 48. Ke3 Ke6 49. Kd4 Kd6 50. e5+ Ke6 51. a4 Ke7 52. Kd5 h5 53. Ke4 Ke6 54. Bd5+ 1-0

[Event "44th Chess Olympiad Women 2022"]
[Site "Chennai"]
[Date "2022.08.06"]
[Round "8.46"]
[White "Jonet, Davena"]
[Black "Lampard, Alice"]
[Result "0-1"]
[WhiteElo "1458"]
[BlackElo "1729"]
[Annotator "NA RC"]
[PlyCount "92"]
[EventDate "2022.??.??"]
[TimeControl "60"]

1. e4 c5 2. Bc4 Nc6 3. Nf3 e6 4. Nc3 g6 5. d4 d6 6. Bb5 Bd7 7. Bf4 cxd4 8. Bxc6 Bxc6 9. Qxd4 f6 10. Qd2 e5 11. Be3 Qa5 12. a3 f5 13.
exf5 Bxf3 14. gxf3 gxf5 15. Qd5 Qxd5 16. Nxd5 Kd7 17. Rg1 f4 18. Bd2 Ne7 19. Nf6+ Ke6 20. Ne4 Rg8 21. Rxg8 Nxg8 22. Ng5+ Kf5 23. Ne4 Nf6 24. Nxf6 Kxf6 25. O-O-O Be7 26. Bb4 Ke6 27. Re1 Rg8 28. Rh1 Rg2 29. Be1 Bh4 30. h3 b6 31. b4 Kf7 32. Kb2 h5 33.
Kb3 Bxf2 34. Bc3 b5 35. Bb2 Rg3 36. Rf1 Rxf3+ 37. c3 e4 38.
a4 bxa4+ 39. Kxa4 e3 40. c4 e2 41. Rxf2 e1=Q 42. Rg2 Rg3 43.
Rh2 Qg1 44. Rd2 Qb6 45. b5 Qc5 46. Rd5 Qxc4+ 0-1

[Event "44th Chess Olympiad Women 2022"]
[Site "Chennai"]
[Date "2022.08.06"]
[Round "8.46"]
[White "Roy, Ali"]
[Black "Paul, Theophane"]
[Result "1-0"]
[WhiteElo "1893"]
[BlackElo "1493"]
[Annotator "NA RC"]
[PlyCount "55"]
[EventDate "2022.??.??"]
[TimeControl "60"]

1. Nf3 d5 2. g3 e6 3. Bg2 Nf6 4. O-O Be7 5. d3 O-O 6. Nbd2 b6 7. e4 Bb7 8. e5 Nfd7 9. Re1 c5 10. h4 Qc7 11. Nf1 Nc6 12. Bf4 Rac8 13.
N1h2 Rfe8 14. Qe2 Nd4 15. Nxd4 cxd4 16. Rac1 Nf8 17. h5 Bb4 18. Rf1 Bc5 19. Ng4 Nd7 20. Nf6+ gxf6 21. exf6 Qxf4 22. gxf4 Nxf6 23. Kh1 Kh8 24. Qe5 Be7 25. Rg1 Rg8 26. Bh3 Rxg1+ 27. Rxg1 h6 28. f5 1-0

[Event "44th Chess Olympiad Women 2022"]
[Site "Chennai"]
[Date "2022.08.06"]
[Round "8.46"]
[White "Seine, Rose Berline"]
[Black "Cooke, Suzie G."]
[Result "0-1"]
[WhiteElo "1679"]
[BlackElo "1936"]
[Annotator "NA RC"]
[PlyCount "126"]
[EventDate "2022.??.??"]
[TimeControl "60"]

1. d4 d5 2. Bf4 Nf6 3. Nf3 c5 4. e3 Nc6 5. c3 Qb6 6. Qc1 Bf5 7. Nbd2 cxd4 8. exd4 Rc8 9. h3 Nb4 10. Rb1 Bxb1 11. Qxb1 Nc6 12. Bd3 g6 13. O-O Bg7 14. Re1 O-O 15. Bh2 Nd7 16. Nb3 Rfe8 17. Qd1 e5 18. dxe5 Ndxe5 19. Be2 Rcd8 20. Bg3 Nxf3+ 21. Bxf3 Rxe1+ 22. Qxe1 Bf6 23. Qd2 Ne5 24. Qe3 Qxe3 25. fxe3 Nxf3+ 26. gxf3 Re8 27. Kf2 b6 28. Ke2 Bg5 29. f4 Bf6 30. Kd3 g5 31. Nd2 b5 32. Nf3 gxf4 33.
Bxf4 Kg7 34. Nd4 a6 35. Nf5+ Kg6 36. Ng3 Bg5 37. Ne2 Re4 38. Kd2 h5 39. Kd3 a5 40. a3 f5 41. Kd2 h4 42. Kd3 Kf6 43.
Kd2 b4 44. axb4 axb4 45. Kd3 Bxf4 46. Nxf4 Ke5 47. Ng6+ Kd6 48. Nf4 b3 49. Kd2 Ra4 50. Nd3 Ra1 51. Ke2 Rh1 52. Nf2 Rc1 53. Nd3 Rc2+ 54. Ke1 Rg2 55. Nf2 Ke5 56. Kf1 Rg3 57. Ke2 f4 58. exf4+ Kxf4 59. Nd3+ Kf5 60. Nf2 Rxc3 61. Nd3 Rc2+ 62. Ke1 Ke4 63. Nf2+ Rxf2 0-1

[Event "44th Chess Olympiad Women 2022"]
[Site "Chennai"]
[Date "2022.08.06"]
[Round "8.47"]
[White "Bedrosian, Danielle"]
[Black "Kaslan, Alexandra"]
[Result "1/2-1/2"]
[WhiteElo "1662"]
[BlackElo "1435"]
[Annotator "NA RC"]
[PlyCount "111"]
[EventDate "2022.??.??"]
[TimeControl "60"]

1. b3 e5 2. Bb2 d6 3. c4 Be6 4. Nc3 c6 5. Nf3 Nd7 6. e4 Be7 7. d4 Ngf6 8. d5 Bg4 9. Be2 O-O 10. O-O Nc5 11. Nd2 Qd7 12. h3 Bxe2 13. Qxe2 g6 14. b4 Na6 15. a3 Nh5 16. Nf3 Nf4 17. Qd1 f5 18. exf5 Qxf5 19. Ne1 Rae8 20. Ne2 Nxe2+ 21. Qxe2 Nc7 22. dxc6 bxc6 23. Nf3 Ne6 24. Rad1 Nf4 25. Qe3 Nxh3+ 26. gxh3 Qxf3 27. Qxf3 Rxf3 28. c5 dxc5 29. Bxe5 cxb4 30. axb4 Bxb4 31. Kg2 Rf5 32. Bg3 a5 33. Rd7 Rf7 34. Rd3 Rfe7 35. Rc1 Re6 36. Rd7 R8e7 37. Rd8+ Kf7 38. Bh4 Rc7 39. Bg3 Rb7 40. Bf4 Be7 41. Ra8 Bb4 42. Be3 Ke7 43. Rh8 Kd6 44. Bf4+ Kd5 45. Rd8+ Ke4 46. Rc4+ Kf5 47. Kf3 g5 48. Be3 Kg6 49. Rg8+ Rg7 50. Rxg7+ Kxg7 51. Bxg5 Kg6 52. Be3 Rf6+ 53. Ke2 Kf5 54. Kd3 Rd6+ 55. Kc2 Ke6 56. Rh4 1/2-1/2

[Event "44th Chess Olympiad Women 2022"]
[Site "Chennai"]
[Date "2022.08.06"]
[Round "8.47"]
[White "Creebsburg, Shefali"]
[Black "Fawaz, Nadia"]
[Result "0-1"]
[WhiteElo "1151"]
[BlackElo "1214"]
[Annotator "NA RC"]
[PlyCount "88"]
[EventDate "2022.??.??"]
[TimeControl "60"]

1. e4 d5 2. exd5 Nf6 3. Nc3 Nxd5 4. Bc4 e6 5. d4 Bb4 6. Bd2 O-O 7. Nxd5 Bxd2+ 8. Qxd2 exd5 9. Be2 Bf5 10. Nf3 Nd7 11. O-O Nf6 12. h3 Re8 13. Rac1 Ne4 14. Qf4 Nd6 15. Bd1 Re4 16. Qg3 Bg6 17. c3 Qe7 18. Ne5 Nf5 19. Qf3 Qg5 20. Bc2 Bh5 21. Ng4 Bxg4 22. hxg4 Nh4 23. Qh3 Rxg4 24. g3 Nf3+ 25. Kh1 h6 26. Bd3 Re8 27. Rc2 Re1 28. Be2 Qf5 29. Rxe1 Rh4 30. Qxh4 Nxh4 31. gxh4 Qxc2 32. h5 Qd2 33. Rg1 Qxe2 34. Rg2 Qxh5+ 35. Rh2 Qf3+ 36. Rg2 Qh3+ 37. Kg1 Qd3 38. Rg3 Qb1+ 39. Kg2 Qxb2 40. a4 Qa3 41. f4 Qxa4 42. f5 Qc2+ 43. Kh3 Qxf5+ 44. Rg4 h5 0-1

[Event "44th Chess Olympiad Women 2022"]
[Site "Chennai"]
[Date "2022.08.06"]
[Round "8.47"]
[White "Kaslan, Victoria"]
[Black "Grishina, Alexandra"]
[Result "1-0"]
[WhiteElo "1477"]
[BlackElo "2012"]
[Annotator "NA RC"]
[PlyCount "81"]
[EventDate "2022.??.??"]
[TimeControl "60"]

1. e4 c6 2. d4 d5 3. Nc3 dxe4 4. Nxe4 Nf6 5. Ng3 Bg4 6. Be2 Bxe2 7. N1xe2 e6 8. Bg5 h6 9. Bf4 Qd5 10. O-O Be7 11. Qd3 Na6 12. c4 Qd7 13.
Rfd1 Rd8 14. Qf3 O-O 15. Be5 Qc8 16. Nh5 Nxh5 17. Qxh5 f6 18.
Bf4 Kh7 19. Rd3 f5 20. Rg3 Rf6 21. Bg5 Qd7 22. Bxf6 Bxf6 23. Rd1 Nc5 24. h3 Ne4 25. Rgd3 Qc7 26. Qf3 g5 27. g4 Kg6 28. gxf5+ exf5 29. Ng3 Nxg3 30. Qxg3 f4 31. Qf3 Re8 32. Kg2 h5 33. b3 Kf7 34. Qxh5+ Kf8 35. Qh6+ Kg8 36. Qxf6 Re7 37. d5 Rg7 38. dxc6 Kh7 39. Qf5+ Kh8 40. Rd8+ Rg8 41. Rxg8+ 1-0

[Event "44th Chess Olympiad Women 2022"]
[Site "Chennai"]
[Date "2022.08.06"]
[Round "8.47"]
[White "Mouradian, Knarik"]
[Black "Kaslan, Catherine"]
[Result "0-1"]
[WhiteElo "2121"]
[BlackElo "1872"]
[Annotator "NA RC"]
[PlyCount "84"]
[EventDate "2022.??.??"]
[TimeControl "60"]

1. e4 c5 2. Nf3 d6 3. Bb5+ Nd7 4. c3 Ngf6 5. Qe2 a6 6. Ba4 b5 7. Bc2 e5 8. d4 g6 9. O-O Bg7 10. d5 O-O 11. b3 Nb6 12. h3 h6 13.
Be3 Nh5 14. Qd2 Kh7 15. g4 Qf6 16. Kg2 Nf4+ 17. Bxf4 exf4 18. Re1 Nd7 19. a4 b4 20. e5 Nxe5 21. Nxe5 dxe5 22. Be4 Qd6 23. f3 f5 24. Bc2 fxg4 25. hxg4 Bxg4 26. fxg4 f3+ 27. Kf2 e4 28. Rh1 e3+ 29. Qxe3 bxc3 30. Kf1 Rae8 31. Qd3 Rf6 32. Rh3 Qf4 33. Nxc3 Qxg4 34. Rh2 Qf4 35. Qd2 Qg3 36. Ne4 Rxe4 37. Bxe4 Rf4 38. Rh1 Bxa1 39. Bxg6+ Kg7 40. Rg1 Qh3+ 41.
Kf2 Qh2+ 42. Ke3 Qxg1+ 0-1

[Event "44th Chess Olympiad Women 2022"]
[Site "Chennai"]
[Date "2022.08.06"]
[Round "8.48"]
[White "Alvarez Gutierrez, Patricia"]
[Black "Stagno, Milena"]
[Result "1-0"]
[WhiteElo "1715"]
[BlackElo "1448"]
[Annotator "NA RC"]
[PlyCount "83"]
[EventDate "2022.??.??"]
[TimeControl "60"]

1. d4 d5 2. c4 c6 3. Nc3 Nf6 4. Bg5 e6 5. Nf3 Be7 6. e3 Nbd7 7. Bd3 O-O 8.
O-O b6 9. cxd5 exd5 10. Rc1 Bb7 11. Qc2 h6 12. Bh4 c5 13.
dxc5 Nxc5 14. Be2 Rc8 15. Rfd1 Nce4 16. Nd4 Bb4 17. Qb3 Qe7 18. Nxe4 dxe4 19. Nf5 Qe6 20. Nxh6+ gxh6 21. Qxb4 Nd7 22. Qd4 Nc5 23. Bc4 Qg6 24. Be7 Nd3 25. Bxf8 Nxc1 26. Rxc1 Rxf8 27. Bb3 Bc8 28. Qe5 Kh7 29. Bd5 Bf5 30. g3 b5 31. Qf4 Rd8 32. Bb3 Rd2 33.
Kg2 Rd7 34. Rc5 a6 35. Qxf5 Rd2 36. Qxg6+ fxg6 37. Re5 Rxb2 38.
Rxe4 a5 39. Re7+ Kh8 40. Rb7 a4 41. Bxa4 Rxa2 42. Bxb5 1-0

[Event "44th Chess Olympiad Women 2022"]
[Site "Chennai"]
[Date "2022.08.06"]
[Round "8.48"]
[White "Granados Diaz, Maria Esther"]
[Black "Thornton, Filipina"]
[Result "1-0"]
[WhiteElo "1888"]
[BlackElo "1661"]
[Annotator "NA RC"]
[PlyCount "71"]
[EventDate "2022.??.??"]
[TimeControl "60"]

1. e4 c5 2. Nf3 e6 3. d4 cxd4 4. Nxd4 d6 5. Nc3 Nf6 6. Bg5 a6 7. f4 h6 8. Bh4 Qb6 9. a3 Nc6 10. Bf2 Qc7 11. Qf3 Be7 12. O-O-O Nxd4 13. Rxd4 b5 14. h3 Bb7 15. Kb1 Rc8 16. f5 e5 17. Rd2 O-O 18.
g4 Nd7 19. h4 Qd8 20. g5 hxg5 21. hxg5 Bxg5 22. Qh5 Bh6 23. Rxd6 Rc6 24. Bh4 Qc7 25. Rxc6 Qxc6 26. Nd5 Re8 27. f6 Kf8 28. Bg5 Nxf6 29. Bxf6 Re6 30. Bg5 Qc5 31. Bh3 Bxd5 32. exd5 Rg6 33. Bxh6 Rxh6 34. Qxe5 Rd6 35. Bd7 Re6 36. Qb8+ 1-0

[Event "44th Chess Olympiad Women 2022"]
[Site "Chennai"]
[Date "2022.08.06"]
[Round "8.48"]
[White "Psaila, Uranchimeg"]
[Black "Ferrufino, Michelle"]
[Result "0-1"]
[WhiteElo "1395"]
[BlackElo "1811"]
[Annotator "NA RC"]
[PlyCount "82"]
[EventDate "2022.??.??"]
[TimeControl "60"]

1. d4 d5 2. Bf4 Nf6 3. h3 e6 4. Nf3 Bd6 5. Ne5 O-O 6. e3 c5 7. c3 Qc7 8. Nd2 Nbd7 9. Ndf3 Ne4 10. Bd3 f6 11. Nxd7 Bxd7 12. Bxd6 Nxd6 13. O-O Bb5 14. dxc5 Qxc5 15. Nd4 Rae8 16. Nb3 Qb6 17. Rb1 Nc4 18. Re1 Nd6 19. Bc2 Bc4 20. Nc1 f5 21. b3 Ba6 22. Ne2 Bxe2 23.
Qxe2 Rc8 24. c4 Qc7 25. Rec1 dxc4 26. bxc4 b6 27. Bb3 Qc5 28. Rc2 Ne4 29. Rbc1 Rfd8 30. Rd1 Qe5 31. Rxd8+ Rxd8 32. Qe1 Qd6 33. Rc1 Qd2 34. Kf1 Nxf2 35. Rc2 Qxe1+ 36. Kxe1 Nd3+ 37. Ke2 Nc5 38. Rc1 Kf7 39. Rf1 Ne4 40. Kf3 Nd2+ 41. Ke2 Nxf1 0-1

[Event "44th Chess Olympiad Women 2022"]
[Site "Chennai"]
[Date "2022.08.06"]
[Round "8.49"]
[White "Eman Sawan"]
[Black "Badenhorst, Chloe"]
[Result "1/2-1/2"]
[WhiteElo "1847"]
[BlackElo "1703"]
[Annotator "NA RC"]
[PlyCount "94"]
[EventDate "2022.??.??"]
[TimeControl "60"]

1. e4 c5 2. Nf3 Nc6 3. Bb5 Nd4 4. Nxd4 cxd4 5. O-O e6 6. c3 dxc3 7. Nxc3 Ne7 8. d4 Ng6 9. Be3 Be7 10. a4 O-O 11. Rc1 d5 12. e5 Bd7 13.
Qb3 a6 14. Bxd7 Qxd7 15. a5 Bd8 16. Qa3 Be7 17. Qb3 Bd8 18.
Ra1 Rc8 19. Na4 Rc4 20. Nc5 Rxc5 21. dxc5 Nxe5 22. Rfd1 Bf6 23. Bd4 Rc8 24. Qg3 Qc7 25. b4 Nd7 26. Qxc7 Rxc7 27. Bxf6 Nxf6 28. f3 Nd7 29. Re1 Nb8 30. Rad1 g6 31. g4 Nc6 32. Rb1 Nd4 33. Kg2 Kf8 34. Red1 Nb5 35. Rd3 Ke7 36. f4 Kf6 37. Re1 h6 38. h4 h5 39. g5+ Kg7 40. Kf3 Rc6 41. f5 gxf5 42. g6 fxg6 43.
Kf4 Kf6 44. Ke3 Nc7 45. Kf4 Nb5 46. Ke3 Nc7 47. Kf4 Nb5 1/2-1/2

[Event "44th Chess Olympiad Women 2022"]
[Site "Chennai"]
[Date "2022.08.06"]
[Round "8.49"]
[White "Selkirk, Rebecca"]
[Black "Seder, Randa"]
[Result "1-0"]
[WhiteElo "1745"]
[BlackElo "1442"]
[Annotator "NA RC"]
[PlyCount "109"]
[EventDate "2022.??.??"]
[TimeControl "60"]

1. e4 e5 2. d4 exd4 3. Qxd4 Nc6 4. Qe3 Nf6 5. Nc3 Bb4 6.
Bd2 O-O 7. O-O-O Re8 8. Qg3 Nxe4 9. Nxe4 Rxe4 10. c3 Bc5 11.
Bd3 Re8 12. h4 Qf6 13. f3 h6 14. Nh3 Be3 15. Bxe3 Rxe3 16. Rhe1 Qe5 17. Qf2 Rxd3 18. Rxe5 Nxe5 19. Qe2 Rxd1+ 20. Kxd1 d6 21. Qe4 Bxh3 22. Qxb7 Re8 23. gxh3 Re7 24. f4 Ng6 25. h5 Nf8 26. Qxa7 g6 27. hxg6 fxg6 28. a4 Ne6 29. Qa8+ Kf7 30. a5 Nxf4 31. a6 Ne6 32. Qf3+ Kg7 33.
a7 Re8 34. a8=Q Rxa8 35. Qxa8 Kf7 36. b4 g5 37. Qe4 Kf6 38.
Qh7 h5 39. Qh6+ Kf5 40. Qxh5 d5 41. Kd2 c6 42. Qe8 Nf4 43.
Qxc6 Nxh3 44. Qd7+ Kf4 45. Qxh3 g4 46. Qg2 g3 47. b5 d4 48. b6 dxc3+ 49. Kxc3 Kg5 50. b7 Kf5 51. b8=Q Kf6 52. Qb5 Ke6 53. Qgc6+ Ke7 54. Qbb7+ Kf8 55. Qcc8# 1-0

[Event "44th Chess Olympiad Women 2022"]
[Site "Chennai"]
[Date "2022.08.06"]
[Round "8.49"]
[White "Taqwa, Hamouri"]
[Black "Bouah, Denise"]
[Result "1/2-1/2"]
[WhiteElo "1214"]
[BlackElo "1736"]
[Annotator "NA RC"]
[PlyCount "156"]
[EventDate "2022.??.??"]
[TimeControl "60"]

1. e4 c5 2. Nf3 d6 3. Bb5+ Nd7 4. O-O a6 5. Bxd7+ Bxd7 6. d4 cxd4 7. Qxd4 Nf6 8. Re1 Qc7 9. c4 Rd8 10. Nc3 e6 11. b3 Be7 12. h3 O-O 13.
Bg5 Bc6 14. Rac1 b6 15. Qe3 Qb7 16. Nd2 Rfe8 17. Qg3 b5 18.
cxb5 axb5 19. f3 b4 20. Ne2 d5 21. e5 Nd7 22. Bh6 Bf8 23.
Nd4 Rc8 24. h4 Kh8 25. Be3 Nc5 26. Rc2 Nd3 27. Rf1 Bb5 28. Rxc8 Rxc8 29. Rd1 Bc5 30. h5 Qb6 31. h6 Rg8 32. Qh4 Nxe5 33. Kh1 Ng6 34. hxg7+ Rxg7 35. Qf6 Be7 36. Qxg7+ Kxg7 37. Nf5+ exf5 38.
Bxb6 Bf6 39. Nf1 f4 40. g3 Be2 41. Re1 Bxf3+ 42. Kg1 Bc3 43. Re8 h5 44. Kf2 Be4 45. gxf4 Nxf4 46. Kg3 Ne6 47. Ne3 d4 48. Nc4 d3 49. Be3 Be1+ 50. Kh2 h4 51. Re7 Bg3+ 52. Kh3 Bf5+ 53. Kg2 Bb8 54. Nd2 h3+ 55. Kh1 Nf4 56. Rb7 Be5 57. Rxb4 Nd5 58.
Rb5 Bd7 59. Rc5 Nxe3 60. Rxe5 Bc6+ 61. Kg1 h2+ 62. Kxh2 Ng4+ 63. Kg3 Nxe5 64. Kf4 Kf6 65. Ke3 Ke6 66. a4 Kd6 67. a5 Bb5 68. Ke4 Nc6 69. Nb1 Nxa5 70. Nc3 Ba6 71. b4 Kc6 72. bxa5 Kc5 73. Ke3 Kb4 74. Nd5+ Kxa5 75. Nf4 Kb6 76. Nxd3 Kc7 77. Ne5 f5 78. Kf4 Bc8 1/2-1/2

[Event "44th Chess Olympiad Women 2022"]
[Site "Chennai"]
[Date "2022.08.06"]
[Round "8.49"]
[White "Van Zyl, Charlize"]
[Black "Heba, Assi"]
[Result "1-0"]
[WhiteElo "1704"]
[BlackElo "1449"]
[Annotator "NA RC"]
[PlyCount "79"]
[EventDate "2022.??.??"]
[TimeControl "60"]

1. d4 Nf6 2. Bf4 g6 3. Nc3 Bg7 4. e4 d6 5. Qd2 O-O 6. O-O-O Re8 7. f3 Nbd7 8. e5 dxe5 9. dxe5 Nh5 10. e6 fxe6 11. Bc4 Nxf4 12. Qxf4 h5 13. Bxe6+ Kh7 14. Nh3 Rf8 15. Ng5+ Kh8 16. Qd2 c6 17. Bxd7 Qa5 18. Bxc8 Raxc8 19. Ne6 Rf6 20. Nxg7 Kxg7 21. Rhe1 Rf7 22. Kb1 Qc7 23. Qd7 Kf8 24. Ne4 e5 25. Qxc7 Rfxc7 26. Nd6 Rd8 27. Nc4 Rxd1+ 28. Rxd1 Re7 29. Re1 Kf7 30. Rxe5 Rxe5 31. Nxe5+ Kf6 32. Nd3 Kf5 33. Kc1 g5 34. Kd2 b6 35. Ke3 c5 36. b3 g4 37. fxg4+ hxg4 38. g3 a6 39. c4 Ke6 40. Kf4 1-0